 Dungeon Crawl Stone Soup version 0.28-a0-80-g9707f7362f (webtiles) character file.

Game seed: 15299802376960903356

10694 HAL9000 the Jinx (level 11, -11/50 HPs)
             Began as a Vine Stalker Brigand on Aug 5, 2021.
             Was a Follower of Uskayaw.
             Killed from afar by Harold (19 damage)
             ... with a harpoon shot
             ... on level 9 of the Dungeon.
             The game lasted 00:24:56 (8608 turns).

HAL9000 the Jinx (Vine Stalker Brigand)             Turns: 8608, Time: 00:24:57

Health: -11/50     AC:  8    Str: 15    XL:     11   Next: 66%
Magic:  0/22       EV: 15    Int: 13    God:    Uskayaw [*.....]
Gold:   432        SH:  5    Dex: 16    Spells: 10/24 levels left

rFire   + + .      SeeInvis +   l - +6 quick blade
rCold   + . .      Faith    +   I - +0 buckler
rNeg    . . .      Spirit   +   F - +2 robe {rC+ rF+}
rPois   .          Reflect  .   f - +1 helmet
rElec   .          Harm     .   c - +0 cloak
rCorr   .          Rampage  .   (no gloves)
Will    +....                   E - +0 pair of boots
Stlth   +++++.....              o - amulet of faith
HPRegen 1.16/turn               p - +4 ring of evasion
MPRegen 0.18/turn               g - ring of Kiydiss {rF+ Slay+3 SInv}

@: marked
A: fangs 3, regeneration 1, magic shield, antimagic bite, no potion heal 2
a: Renounce Religion, Stomp


You were on level 9 of the Dungeon.
You worshipped Uskayaw.
Uskayaw was noncommittal.
You visited 3 branches of the dungeon, and saw 12 of its levels.

You collected 737 gold pieces.
You spent 305 gold pieces at shops.

Inventory:

Hand Weapons
 a - a +2 dagger
 l - a +6 quick blade (weapon)
Missiles
 b - 12 boomerangs of dispersal
 d - 65 poisoned darts (quivered)
 e - 3 curare-tipped darts
 K - 4 boomerangs
 L - a throwing net
Armour
 c - a +0 cloak (worn)
 f - a +1 helmet (worn)
 E - a +0 pair of boots (worn)
 F - a +2 robe of resistance (worn)
 I - a +0 buckler (worn)
 M - +0 acid dragon scales
Jewellery
 g - the ring of Kiydiss (right hand) {rF+ Slay+3 SInv}
   (You bought it in a shop on level 4 of the Dungeon)

   [ring of see invisible]

   Slay:      It affects your accuracy & damage with ranged weapons and melee
   (+3).
   rF:        It protects you from fire.
   SInv:      It lets you see invisible.
 k - an amulet of magic regeneration
 o - an amulet of faith (around neck)
 p - a +4 ring of evasion (left hand)
 q - a +4 ring of evasion
 y - an amulet of reflection
Wands
 j - a wand of polymorph (7)
 t - a wand of iceblast (2)
 C - a wand of flame (27)
 N - a wand of mindburst (15)
Scrolls
 m - 2 scrolls of vulnerability
 v - 2 scrolls of teleportation {unknown}
 w - a scroll of silence {unknown}
 x - a scroll of amnesia
 B - a scroll of fog {unknown}
 D - 2 scrolls of fear {unknown}
 O - a scroll of blinking {unknown}
 P - a scroll of magic mapping {unknown}
Potions
 h - 2 potions of mutation
 i - 2 potions of flight
 n - a potion of lignification {unknown}
 r - a potion of haste {unknown}
 s - 2 potions of cancellation
 u - a potion of degeneration {unknown}
 z - 5 potions of curing
 A - a potion of resistance
 G - a potion of might {unknown}
 J - a potion of attraction {unknown}


   Skills:
 + Level 1.7 Fighting
 - Level 8.0 Short Blades
 - Level 3.2 Throwing
 - Level 0.7 Dodging
 - Level 10.4 Stealth
 - Level 4.0 Shields
 - Level 7.1 Spellcasting
 + Level 11.1 Hexes


You had 10 spell levels left.
You knew the following spells:

 Your Spells              Type           Power      Damage    Failure   Level
a - Ensorcelled Hibernat  Hex/Ice        38%        N/A       2%          2
b - Dazzling Flash        Conj/Hex       38%        N/A       4%          3
c - Invisibility          Hex            16%        N/A       24%         6
d - Swiftness             Air            4%         N/A       41%         3

Your spell library contained the following spells:

 Spells                   Type           Power      Damage    Failure   Level
 Corona                   Hex            36%        N/A       1%          1
 Tukima's Dance           Hex            33%        N/A       1%          3
 Summon Guardian Golem    Hex/Summ       19%        N/A       4%          3
 Magic Dart               Conj           16%        1d3       16%         1
 Sandblast                Erth           8%         2d5       16%         1
 Sting                    Tmut/Pois      16%        1d3       16%         1
 Summon Small Mammal      Summ           16%        N/A       16%         1
 Fulminant Prism          Conj/Hex       9%         3d7       16%         4
 Passwall                 Tmut/Erth      3%         N/A       22%         2
 Poisonous Vapours        Pois/Air       8%         N/A       22%         2
 Searing Ray              Conj           8%         3d3       22%         2
 Call Canine Familiar     Summ           4%         N/A       41%         3
 Spider Form              Tmut/Pois      2%         N/A       41%         3
 Stone Arrow              Conj/Erth      8%         3d7       41%         3
 Animate Armour           Summ/Erth      8%         N/A       83%         4
 Iskenderun's Mystic Bla  Conj/Tloc      4%         2d3       83%         4
 Olgreb's Toxic Radiance  Pois           4%         N/A       83%         4
 Lee's Rapid Deconstruct  Erth           2%         3d5*      99%         5
 Shadow Creatures         Summ           N/A        N/A       100%        6
 Starburst                Conj/Fire      2%         8x6d3     100%        6
 Lehudib's Crystal Spear  Conj/Erth      2%         10d2      100%        8


Dungeon Overview and Level Annotations

Branches:
Dungeon (10/15)            Temple (1/1) D:6            Lair (1/6) D:9
    Orc (0/2) D:10

Altars:
Ashenzari
Cheibriados
Dithmenos
Elyvilon
Fedhas
Gozag
Hepliaklqana
Kikubaaqudgha
Makhleb
Nemelex Xobeh
Okawaru
Qazlal
Ru
Sif Muna
Trog
Uskayaw
Vehumet
Wu Jian
Xom
Yredelemnul
Zin
The Shining One
Lugonu

Shops:
D:1 [   D:4 **   D:10 ([

Annotations:
D:9 Harold
D:10 2 transporters, makewrite's ghost, journeyman MiFi


Innate Abilities, Weirdness & Mutations

You have razor-sharp teeth.
Your natural rate of healing is unusually fast.
When hurt, damage is shared between your health and your magic reserves.
Your bite disrupts and absorbs the magic of your enemies.
Potions cannot restore your health.


Message History

Harold fires a harpoon shot at you. The harpoon shot hits you.
You are yanked forward by the harpoon shot.
You see here a throwing net.
Harold casts a spell at you. The mark upon you grows brighter.
Harold casts a spell at you.
You barely resist. Harold fires a harpoon shot at you.
The harpoon shot hits you.
You are yanked forward by the harpoon shot.
Harold casts a spell at you. The mark upon you grows brighter.
Harold says, "This is so exciting!
What a great way to end my career!"
Harold points at you and mumbles some strange words.
The mark upon you grows brighter.
Harold opens the door.
Harold gestures at you while chanting.
You barely resist.
There is a staircase back to the Dungeon, spattered with blood here.
Harold fires a harpoon shot at you. The harpoon shot hits you!!
You stop ascending the stairs.
You are yanked forward by the harpoon shot.
Harold is nearby!
Unknown command.
Things that are here:
a yak skeleton; a water moccasin skeleton; a bullfrog skeleton
There is a staircase back to the Dungeon, spattered with blood here.
Harold hits you with a +2 vorpal war axe!!
* * * LOW HITPOINT WARNING * * *
You climb upwards.
Welcome back to the Dungeon!
There is a staircase to the Lair here.
Harold fires a harpoon shot at you. The harpoon shot hits you!
* * * LOW HITPOINT WARNING * * *
You are yanked forward by the harpoon shot.
Okay, then.
Harold fires a harpoon shot at you. The harpoon shot hits you!!
You die...

# #.# #........# # #.#
#........#
######.#########........#
........................#
########.#######........#
#.# #........# #.#
#...^....# #.# #..@>..>.#
#.# #@########
########.#######.#
.................#
#.######.#######.# #.#
#.# #.# #.# #.#
#.######## #.# #.#
#........# #.# #.#
#.########
#.######.#######.#


You could see Harold.

Vanquished Creatures
  A cyclops (D:7)
  A cane toad (Lair:1)
  Maggie (D:9)
  2 unseen horrors
  3 komodo dragons
  A troll (D:10)
  Grinder (D:3)
  25 yaks
  The ghost of Zigma the Ruffian, an amateur DrTm (D:8)
  2 vampire mosquitoes (D:9)
  A water moccasin (Lair:1)
  An orc warrior (D:10)
  2 sky beasts
  A hornet zombie (D:7)
  4 ice beasts
  An ogre (D:7)
  2 black bears
  A necrophage (D:7)
  7 centaurs
  A phantom (D:4)
  4 kobold brigands
  5 bullfrogs
  4 scorpions
  5 killer bees (D:9)
  A water moccasin skeleton (D:6)
  5 wights (D:8)
  A howler monkey (D:6)
  A bullfrog zombie (D:5)
  A hound (D:6)
  A jelly (D:5)
  6 centaur skeletons
  A gnoll shaman (D:4)
  6 orc priests
  A bullfrog skeleton (D:7)
  An iguana (D:4)
  Terence (D:1)
  8 orc wizards
  A hound zombie (D:5)
  A howler monkey zombie (D:7)
  6 gnolls (D:5)
  A howler monkey skeleton (D:6)
  5 adders
  A shadow imp (D:8)
  A white imp (D:5)
  2 ufetubi
  An adder skeleton (D:4)
  2 worms
  4 dart slugs
  30 orcs
  5 endoplasms
  A giant cockroach (D:4)
  3 hobgoblins
  5 jackals
  3 quokkas
  6 ball pythons
  A bat (D:1)
  6 goblins
  32 kobolds
  5 rats
233 creatures vanquished.

Vanquished Creatures (others)
  3 fungi (Lair:1)
  3 plants (Lair:1)
6 creatures vanquished.

Grand Total: 239 creatures vanquished

Notes
Turn   | Place    | Note
-------+----------+-------------------------------------------
     0 | D:1      | HAL9000 the Vine Stalker Brigand began the quest for the
                  | Orb.
     0 | D:1      | Reached XP level 1. HP: 11/11 MP: 2/2
    90 | D:1      | Reached XP level 2. HP: 15/15 MP: 3/3
    90 | D:1      | Found a faded altar of an unknown god.
   294 | D:1      | Found Meir's Armour Shop.
   538 | D:2      | Reached XP level 3. HP: 6/18 MP: 2/4
   840 | D:2      | Learned a level 2 spell: Ensorcelled Hibernation
  1003 | D:2      | Reached skill level 1 in Hexes
  1284 | D:2      | Noticed Terence
  1367 | D:1      | Killed Terence
  1368 | D:1      | Reached skill level 2 in Hexes
  1368 | D:1      | Gained mutation: Your natural rate of healing is unusually
                  | fast. [Vine Stalker growth]
  1368 | D:1      | Reached XP level 4. HP: 8/23 MP: 3/5
  1493 | D:2      | Reached skill level 3 in Hexes
  1663 | D:2      | Reached XP level 5. HP: 13/26 MP: 1/6
  1859 | D:3      | Reached skill level 4 in Hexes
  2076 | D:3      | Found an ornate altar of the Wu Jian Council.
  2125 | D:3      | Noticed Grinder
  2152 | D:3      | Paralysed by Grinder for 4 turns
  2167 | D:3      | Killed Grinder
  2168 | D:3      | Reached skill level 5 in Hexes
  2168 | D:3      | Reached XP level 6. HP: 29/30 MP: 7/7
  2349 | D:3      | Found an opulent altar of Gozag.
  2561 | D:4      | Found Lintoid's General Store.
  2635 | D:4      | Reached skill level 6 in Hexes
  2651 | D:4      | Reached XP level 7. HP: 32/34 MP: 8/8
  2710 | D:4      | Learned a level 3 spell: Dazzling Flash
  2740 | D:4      | Found a stormy altar of Qazlal.
  2833 | D:4      | Found an ancient bone altar of Kikubaaqudgha.
  2858 | D:4      | Found Soleles's CLEARANCE SALE! EVERYTHING MUST GO!.
  2863 | D:4      | Bought a scroll of identify for 14 gold pieces
  2908 | D:4      | Found a broken altar of Ashenzari.
  2969 | D:5      | Entered Level 5 of the Dungeon
  3171 | D:5      | Reached skill level 7 in Hexes
  3488 | D:5      | Found a shimmering blue altar of Sif Muna.
  3488 | D:5      | Found a blossoming altar of Fedhas.
  3784 | D:5      | Reached skill level 8 in Hexes
  3787 | D:5      | Gained mutation: You have razor-sharp teeth. [Vine Stalker
                  | growth]
  3787 | D:5      | Reached XP level 8. HP: 38/38 MP: 7/9
  3951 | D:5      | Reached skill level 5 in Stealth
  4217 | D:6      | Found a staircase to the Ecumenical Temple.
  4242 | Temple   | Entered the Ecumenical Temple
  4937 | D:7      | Noticed a cyclops
  4941 | D:7      | Killed a cyclops
  4942 | D:7      | Reached XP level 9. HP: 42/42 MP: 10/10
  4948 | D:7      | Reached skill level 5 in Short Blades
  5069 | D:4      | Bought the ring of Kiydiss {rF+ Slay+3 SInv} for 291 gold
                  | pieces
  5310 | D:7      | Identified a scroll of acquirement
  5310 | D:7      | Acquired a +6 quick blade
  5522 | D:7      | Noticed an unseen horror
  5540 | D:7      | Killed an unseen horror
  5541 | D:7      | Reached skill level 10 in Stealth
  5871 | D:8      | Found a runed translucent gate.
  5880 | D:8      | Found a runed translucent gate.
  5880 | D:8      | Found a runed translucent gate.
  5881 | D:8      | Noticed Zigma's ghost (amateur DrTm)
  5950 | D:8      | Found a sacrificial altar of Ru.
  6083 | D:8      | Reached XP level 10. HP: 46/46 MP: 11/11
  6094 | D:8      | Reached skill level 1 in Spellcasting
  6210 | D:8      | Found a radiant altar of Vehumet.
  6219 | D:8      | Learned a level 6 spell: Invisibility
  6223 | D:8      | Learned a level 3 spell: Swiftness
  6293 | D:8      | Found a hazy altar of Hepliaklqana.
  6501 | D:8      | Killed Zigma's ghost
  6502 | D:8      | Reached skill level 9 in Hexes
  6643 | D:9      | Reached skill level 1 in Shields
  6679 | D:9      | Found a staircase to the Lair.
  6733 | D:9      | Noticed an unseen horror
  6751 | D:9      | Killed an unseen horror
  6796 | D:9      | Found a hide-covered altar of Uskayaw.
  6798 | D:9      | Noticed a +0 hand axe
  6798 | D:9      | Noticed a +0 hand axe
  6804 | D:9      | Became a worshipper of Uskayaw the Reveller
  6845 | D:9      | Noticed Maggie
  6850 | D:9      | Killed Maggie
  6850 | D:9      | Reached * piety under Uskayaw
  6851 | D:9      | Reached skill level 5 in Spellcasting
  6899 | D:9      | Reached ** piety under Uskayaw
  6901 | D:9      | Reached XP level 11. HP: 50/50 MP: 19/19
  7006 | D:9      | Reached *** piety under Uskayaw
  7334 | D:10     | Entered Level 10 of the Dungeon
  7424 | D:10     | Found a shadowy altar of Dithmenos.
  7447 | D:10     | Reached skill level 10 in Hexes
  7550 | D:10     | Found a glowing golden altar of the Shining One.
  7682 | D:10     | Found Diw Sota's Armour Emporium.
  7682 | D:10     | Found a staircase to the Orcish Mines.
  7684 | D:10     | Found Fuumipso's Weapon Emporium.
  7788 | D:10     | Found a transporter.
  7796 | D:10     | Noticed a manticore
  7810 | D:10     | Noticed makewrite's ghost (journeyman MiFi)
  7810 | D:10     | Noticed a moth of wrath
  7820 | D:10     | Found a transporter.
  8139 | Lair:1   | Entered Level 1 of the Lair of Beasts
  8167 | Lair:1   | Reached **** piety under Uskayaw
  8172 | Lair:1   | Reached ***** piety under Uskayaw
  8491 | Lair:1   | Reached skill level 11 in Hexes
  8494 | Lair:1   | Noticed Harold
  8608 | D:9      | Killed from afar by Harold

Illustrated notes

Levels and vault maps discovered:
D:1:      minmay_arrival_stair_chambers, layout_rooms,
          hellmonk_ecumenical_altar_heavens_door, serial_shops, shop,
          due_unseen_surprise
D:2:      layout_basic, solitary_fountain, chequers_serial_rivers_room_a,
          uniq_terence
D:3:      layout_rooms, old_standard_altar, lemuel_tele_altar,
          kennysheep_generic_room_15, uniq_grinder
D:4:      layout_cave_pools, general_overflow_altar,
          nicolae_kikubaaqudgha_miasma_corner, nicolae_qazlal_eye_of_the_storm,
          serial_shops, shop, nicolae_shop_clearance
D:5:      layout_basic, gammafunk_temple_overflow_pools,
          chequers_serial_rivers_micro_a
D:6:      layout_cave_pools, minmay_temple_entry_drinking_statues,
          minmay_misc_feat_square
D:7:      layout_loops_cross, minmay_chambers_of_fives
D:8:      layout_rooms, mainiacjoe_overflow_alcove_2,
          mainiacjoe_overflow_catwalk, mainiacjoe_overflow_boulevard,
          gammafunk_ghost_split, minmay_unpleasant_kobolds
D:9:      layout_small_grid, dancing_weapons_uskayaw, lair_entry_dummy,
          uniq_maggie
D:10:     layout_stronghold, mainiacjoe_overflow_brackets,
          mainiacjoe_overflow_six_doors_small, orc_david_3,
          gammafunk_ghost_berserking_beasts, dk_noncrumbling_4
Temple:   corrupted_temple
Lair:1:   layout_gridlike, chequers_serial_rivers_room_b, st_stairs_3,
          serial_bayou_shore_b, grunt_megastairs_4, uniq_sonja, uniq_harold

Skill      XL: |  1  2  3  4  5  6  7  8  9 10 11 |
---------------+----------------------------------+-----
Throwing       | 2 3 |  3.2
Hexes          | 2 3 5 6 8 9 11 | 11.1
Stealth        | 8 10 | 10.4
Short Blades   | 4 7 8 |  8.0
Spellcasting   | 5 7 |  7.1
Shields        | 2 4 |  4.0
Fighting       | |  1.7
Dodging        | |  0.7

Action                   |  1- 3 |  4- 6 |  7- 9 | 10-12 || total
-------------------------+-------+-------+-------+-------++-------
Melee: Dagger            |    72 |   152 |   286 |       ||   510
       Bite              |    15 |    53 |   110 |    92 ||   270
       Quick blade       |       |       |    56 |   288 ||   344
Throw: Dart              |     9 |    13 |     4 |       ||    26
 Cast: Ensorcelled Hiber |       |       |    18 |    16 ||    34
       Dazzling Flash    |       |       |     5 |    15 ||    20
  Use: Scroll            |       |     1 |     6 |     4 ||    11
 Stab: Sleeping          |    10 |     4 |    29 |    13 ||    56
       Invisible         |       |       |     4 |     7 ||    11
       Distracted        |       |       |     1 |     2 ||     3
       Paralysed         |       |       |       |     8 ||     8
Armor: Robe              |    18 |    27 |    38 |    24 ||   107
Dodge: Dodged            |    41 |    88 |   276 |   101 ||   506
Block: Other             |       |       |       |     9 ||     9
       Buckler           |       |       |       |    27 ||    27

Table legend: (Time is in decaauts)
 A = Elapsed time spent in this place.
 B = Non-inter-level travel time spent in this place.
 C = Inter-level travel time spent in this place.
 D = Time resting spent in this place.
 E = Time spent auto-exploring this place.
 F = Levels seen in this place.
 G = Mean time per level.
                   A        B        C        D        E       F      G
               +--------+--------+--------+--------+--------+-----+--------+
         Total |   8324 |   7918 |    406 |    991 |   4931 |  12 |  693.7 |
       Dungeon |   7938 |   7545 |    393 |    968 |   4724 |  10 |  793.8 |
        Temple |     45 |     32 |     13 |      0 |     32 |   1 |   45.0 |
          Lair |    340 |    340 |      0 |     23 |    175 |   1 |  340.0 |
               +--------+--------+--------+--------+--------+-----+--------+

Top non-repeatable levels by time:
     D:5: 1133 daAuts
     D:2: 971 daAuts
     D:3: 900 daAuts
     D:9: 846 daAuts
     D:7: 794 daAuts
    D:10: 755 daAuts
     D:4: 661 daAuts
     D:6: 654 daAuts
     D:8: 626 daAuts
     D:1: 595 daAuts
  Lair:1: 340 daAuts
  Temple: 45 daAuts
